[ AOE2 MATCH · #495323055 ]
UnrankedBohemians vs Franks
Player's team · LOSS
Rival team · WIN
[ REPLAY ANALYSIS · EXTRACTED FROM THE RECORDED GAME ]
Feudal
9:16
Castle
22:35
Imperial
37:26
| APM avg | 52.9 |
| APM peak | 87 |
| eAPM avg | 31.0 |
| Villagers / military | 171 / 206 |
Focus
⚔️ 56.3% · 🌾 43.7%
Archer ×87 · Spearman ×46 · Skirmisher ×16 · Bombard Cannon ×15 · Hand Cannoneer ×14 · Monk ×13
Feudal
9:41
Castle
23:03
Imperial
39:30
| APM avg | 43.8 |
| APM peak | 98 |
| eAPM avg | 26.3 |
| Villagers / military | 161 / 199 |
Focus
⚔️ 32.0% · 🌾 68.0%
Skirmisher ×102 · Scout Cavalry ×42 · Knight ×25 · Hand Cannoneer ×10 · Throwing Axeman ×5 · Monk ×3
Match map
Initial resources + every placement click. Lines = walls · curves = elevation contours. ◆ gold · ⬟ stone · ● berries · ✦ relic · ◌ wall gap
Your base· Open — 8t gap
Mataku's base· Open — 4t gap
Smoothed initial terrain · ◌ = detected wall gap · hover for details
Inputs per minute
— CORP_Leugim - - Mataku
Build order — CORP_Leugim
First 150 of 541 actions detected
| 0:01 | Queue | Villager (Male) |
| 0:02 | Build | House |
| 0:04 | Build | House |
| 0:07 | Queue | Villager (Male) |
| 0:07 | Queue | Villager (Male) |
| 0:08 | Queue | Villager (Male) |
| 1:32 | Queue | Villager (Male) |
| 1:32 | Queue | Villager (Male) |
| 1:32 | Queue | Villager (Male) |
| 1:56 | Build | Lumber Camp |
| 2:02 | Queue | Villager (Male) |
| 2:02 | Queue | Villager (Male) |
| 2:03 | Queue | Villager (Male) |
| 2:12 | Queue | Villager (Male) |
| 2:13 | Queue | Villager (Male) |
| 2:13 | Queue | Villager (Male) |
| 2:45 | Queue | Villager (Male) |
| 2:46 | Queue | Villager (Male) |
| 2:46 | Queue | Villager (Male) |
| 3:03 | Queue | Villager (Male) |
| 3:03 | Queue | Villager (Male) |
| 3:35 | Queue | Villager (Male) |
| 3:36 | Queue | Villager (Male) |
| 3:53 | Build | House |
| 3:56 | Build | House |
| 4:00 | Queue | Villager (Male) |
| 4:00 | Queue | Villager (Male) |
| 4:20 | Queue | Villager (Male) |
| 4:20 | Queue | Villager (Male) |
| 4:20 | Queue | Villager (Male) |
| 4:21 | Queue | Villager (Male) |
| 4:36 | Build | Mill |
| 4:40 | Queue | Villager (Male) |
| 4:40 | Queue | Villager (Male) |
| 5:28 | Queue | Villager (Male) |
| 5:45 | Queue | Villager (Male) |
| 5:46 | Research | Loom |
| 6:49 | Build | Barracks |
| 7:04 | Research | Feudal Age |
| 7:05 | Research | Feudal Age |
| 7:27 | Build | Palisade Wall |
| 7:47 | Queue | Militia |
| 7:47 | Queue | Militia |
| 7:47 | Queue | Militia |
| 7:52 | Build | Mining Camp |
| 8:05 | Queue | Villager (Male) |
| 8:27 | Queue | Militia |
| 9:13 | Build | House |
| 9:16 | Age | Feudal Age |
| 9:18 | Queue | Villager (Male) |
| 9:22 | Build | Archery Range |
| 9:29 | Research | Man-at-Arms (upgrade) |
| 9:30 | Research | Man-at-Arms (upgrade) |
| 9:36 | Research | Double-Bit Axe |
| 9:48 | Queue | Villager (Male) |
| 9:49 | Queue | Villager (Male) |
| 10:21 | Queue | Villager (Male) |
| 10:21 | Queue | Villager (Male) |
| 10:30 | Build | House |
| 10:40 | Queue | Archer |
| 10:41 | Queue | Archer |
| 10:44 | Build | Farm |
| 10:45 | Build | Farm |
| 10:59 | Queue | Villager (Male) |
| 11:05 | Queue | Villager (Male) |
| 11:33 | Queue | Villager (Male) |
| 11:35 | Build | Farm |
| 11:36 | Build | Farm |
| 11:36 | Build | Farm |
| 11:36 | Build | Farm |
| 11:37 | Queue | Archer |
| 11:45 | Build | House |
| 11:47 | Build | Palisade Wall |
| 11:57 | Queue | Villager (Male) |
| 11:57 | Queue | Villager (Male) |
| 12:00 | Queue | Archer |
| 12:21 | Queue | Archer |
| 12:22 | Queue | Archer |
| 12:33 | Build | Farm |
| 12:35 | Build | Farm |
| 12:36 | Queue | Villager (Male) |
| 12:40 | Queue | Villager (Male) |
| 12:40 | Queue | Villager (Male) |
| 12:48 | Build | House |
| 12:49 | Build | Palisade Wall |
| 13:00 | Queue | Archer |
| 13:02 | Queue | Villager (Male) |
| 13:05 | Build | House |
| 13:06 | Build | Palisade Wall |
| 13:24 | Queue | Archer |
| 13:31 | Build | Lumber Camp |
| 13:36 | Queue | Villager (Male) |
| 13:43 | Queue | Villager (Male) |
| 13:46 | Queue | Villager (Male) |
| 13:47 | Queue | Archer |
| 14:03 | Queue | Skirmisher |
| 14:04 | Queue | Villager (Male) |
| 14:20 | Build | Blacksmith |
| 14:24 | Build | Farm |
| 14:27 | Queue | Archer |
| 14:34 | Queue | Villager (Male) |
| 14:35 | Queue | Archer |
| 14:49 | Queue | Villager (Male) |
| 14:50 | Queue | Archer |
| 14:53 | Queue | Villager (Male) |
| 14:56 | Queue | Villager (Male) |
| 15:06 | Research | Fletching |
| 15:07 | Research | Fletching |
| 15:13 | Queue | Villager (Male) |
| 15:13 | Queue | Archer |
| 15:14 | Queue | Archer |
| 15:17 | Build | Palisade Wall |
| 15:19 | Build | Mill |
| 15:21 | Queue | Villager (Male) |
| 15:25 | Build | Farm |
| 15:27 | Build | Farm |
| 15:28 | Build | Farm |
| 15:32 | Queue | Villager (Male) |
| 15:34 | Build | Palisade Wall |
| 15:38 | Queue | Skirmisher |
| 15:44 | Queue | Villager (Male) |
| 15:47 | Queue | Villager (Male) |
| 15:48 | Queue | Skirmisher |
| 15:53 | Queue | Villager (Male) |
| 15:55 | Build | Farm |
| 15:57 | Build | Farm |
| 16:08 | Build | House |
| 16:11 | Queue | Villager (Male) |
| 16:12 | Build | Palisade Wall |
| 16:19 | Queue | Villager (Male) |
| 16:21 | Build | Farm |
| 16:29 | Research | Town Watch |
| 16:30 | Queue | Villager (Male) |
| 16:38 | Build | Farm |
| 16:43 | Queue | Skirmisher |
| 16:43 | Queue | Skirmisher |
| 16:48 | Build | House |
| 17:00 | Queue | Villager (Male) |
| 17:00 | Queue | Villager (Male) |
| 17:03 | Build | Palisade Wall |
| 17:06 | Research | Padded Archer Armor |
| 17:17 | Queue | Skirmisher |
| 17:17 | Queue | Skirmisher |
| 17:24 | Queue | Villager (Male) |
| 17:26 | Build | Farm |
| 17:30 | Build | Palisade Gate |
| 17:31 | Build | Palisade Wall |
| 17:55 | Queue | Villager (Male) |
| 17:58 | Build | Farm |
| 18:11 | Queue | Villager (Male) |
Build order — Mataku
First 150 of 594 actions detected
| 0:00 | Queue | Villager (Male) |
| 0:01 | Queue | Villager (Male) |
| 0:02 | Build | House |
| 0:03 | Build | House |
| 0:08 | Queue | Villager (Male) |
| 0:09 | Queue | Villager (Male) |
| 1:31 | Queue | Villager (Male) |
| 2:01 | Build | Lumber Camp |
| 2:02 | Queue | Villager (Male) |
| 2:02 | Queue | Villager (Male) |
| 2:30 | Queue | Villager (Male) |
| 2:30 | Queue | Villager (Male) |
| 2:51 | Queue | Villager (Male) |
| 3:19 | Queue | Villager (Male) |
| 3:38 | Queue | Villager (Male) |
| 3:53 | Build | House |
| 3:54 | Build | House |
| 4:05 | Queue | Villager (Male) |
| 4:21 | Queue | Villager (Male) |
| 4:43 | Queue | Villager (Male) |
| 4:56 | Build | Mill |
| 5:16 | Queue | Villager (Male) |
| 5:34 | Build | Palisade Wall |
| 5:37 | Build | Palisade Wall |
| 5:46 | Queue | Villager (Male) |
| 6:05 | Queue | Villager (Male) |
| 6:05 | Queue | Villager (Male) |
| 6:07 | Research | Loom |
| 6:13 | Build | House |
| 7:11 | Build | Palisade Wall |
| 7:13 | Build | Palisade Wall |
| 7:25 | Research | Feudal Age |
| 7:59 | Build | House |
| 8:34 | Build | Barracks |
| 9:32 | Queue | Villager (Male) |
| 9:41 | Age | Feudal Age |
| 9:42 | Queue | Spearman |
| 9:45 | Research | Double-Bit Axe |
| 9:49 | Build | Archery Range |
| 9:52 | Queue | Villager (Male) |
| 10:22 | Build | House |
| 10:27 | Queue | Villager (Male) |
| 10:27 | Queue | Villager (Male) |
| 10:31 | Build | House |
| 10:35 | Build | Palisade Wall |
| 10:38 | Queue | Villager (Male) |
| 10:47 | Build | House |
| 10:54 | Build | Palisade Wall |
| 10:56 | Build | Palisade Wall |
| 10:58 | Build | House |
| 11:03 | Queue | Skirmisher |
| 11:03 | Queue | Skirmisher |
| 11:09 | Queue | Villager (Male) |
| 11:12 | Build | Palisade Wall |
| 11:23 | Queue | Villager (Male) |
| 11:23 | Queue | Villager (Male) |
| 11:45 | Build | Mining Camp |
| 11:47 | Queue | Skirmisher |
| 11:56 | Queue | Archer |
| 12:03 | Build | Farm |
| 12:05 | Build | Farm |
| 12:06 | Build | Farm |
| 12:35 | Build | Palisade Wall |
| 12:36 | Build | Palisade Wall |
| 12:49 | Build | Farm |
| 12:53 | Build | Farm |
| 12:55 | Build | Farm |
| 12:57 | Queue | Villager (Male) |
| 13:13 | Build | Blacksmith |
| 13:16 | Queue | Villager (Male) |
| 13:28 | Queue | Skirmisher |
| 13:31 | Build | House |
| 13:39 | Build | Farm |
| 13:40 | Queue | Villager (Male) |
| 13:40 | Queue | Villager (Male) |
| 14:03 | Queue | Villager (Male) |
| 14:05 | Build | Farm |
| 14:10 | Build | House |
| 14:20 | Queue | Archer |
| 14:32 | Build | Farm |
| 14:33 | Research | Fletching |
| 14:40 | Build | Palisade Wall |
| 14:42 | Queue | Villager (Male) |
| 14:47 | Build | Farm |
| 14:49 | Build | House |
| 15:03 | Queue | Archer |
| 15:12 | Queue | Villager (Male) |
| 15:20 | Queue | Skirmisher |
| 15:20 | Queue | Skirmisher |
| 15:26 | Queue | Villager (Male) |
| 15:26 | Queue | Villager (Male) |
| 15:42 | Queue | Skirmisher |
| 15:49 | Queue | Villager (Male) |
| 16:03 | Queue | Skirmisher |
| 16:09 | Build | Farm |
| 16:12 | Build | Farm |
| 16:16 | Queue | Villager (Male) |
| 16:39 | Build | Farm |
| 16:40 | Queue | Villager (Male) |
| 16:40 | Queue | Villager (Male) |
| 16:56 | Research | Padded Archer Armor |
| 17:26 | Build | Mill |
| 17:26 | Build | Farm |
| 17:27 | Build | Farm |
| 17:27 | Build | Farm |
| 17:27 | Build | Farm |
| 17:30 | Queue | Villager (Male) |
| 17:30 | Queue | Villager (Male) |
| 17:34 | Build | Farm |
| 17:59 | Queue | Villager (Male) |
| 18:29 | Build | Lumber Camp |
| 18:49 | Queue | Villager (Male) |
| 19:04 | Queue | Villager (Male) |
| 19:23 | Build | Market |
| 19:49 | Queue | Villager (Male) |
| 19:53 | Build | Farm |
| 19:55 | Build | Farm |
| 20:23 | Research | Castle Age |
| 20:28 | Build | Stable |
| 20:40 | Queue | Skirmisher |
| 20:40 | Queue | Skirmisher |
| 20:58 | Research | Scale Barding Armor |
| 21:13 | Build | Farm |
| 21:14 | Build | Farm |
| 21:43 | Build | Stable |
| 21:57 | Queue | Villager (Male) |
| 21:57 | Queue | Villager (Male) |
| 22:16 | Queue | Skirmisher |
| 22:51 | Build | House |
| 22:52 | Build | Palisade Wall |
| 22:54 | Build | House |
| 23:00 | Build | House |
| 23:03 | Age | Castle Age |
| 23:07 | Queue | Knight |
| 23:07 | Queue | Knight |
| 23:09 | Research | Chain Barding Armor |
| 23:28 | Build | Town Center |
| 23:30 | Queue | Villager (Male) |
| 23:32 | Queue | Knight |
| 23:32 | Queue | Knight |
| 23:36 | Build | House |
| 23:41 | Queue | Knight |
| 23:41 | Queue | Knight |
| 23:47 | Build | House |
| 23:55 | Queue | Villager (Male) |
| 23:56 | Queue | Villager (Male) |
| 24:05 | Queue | Knight |
| 24:05 | Queue | Knight |
| 24:16 | Build | House |
| 24:22 | Queue | Villager (Male) |
Match timeline
| 5:34 | Mataku · wall_segment Palisade Wall x1 |
| 5:37 | Mataku · wall_segment Palisade Wall x2 |
| 6:49 | CORP_Leugim · first_building Barracks |
| 7:11 | Mataku · wall_segment Palisade Wall x6 |
| 7:13 | Mataku · wall_segment Palisade Wall x8 |
| 7:27 | CORP_Leugim · wall_segment Palisade Wall x5 |
| 8:34 | Mataku · first_building Barracks |
| 9:16 | CORP_Leugim · age_up feudal |
| 9:22 | CORP_Leugim · first_building Archery Range |
| 9:41 | Mataku · age_up feudal |
| 9:49 | Mataku · first_building Archery Range |
| 10:35 | Mataku · wall_segment Palisade Wall x5 |
| 10:54 | Mataku · wall_segment Palisade Wall x1 |
| 10:56 | Mataku · wall_segment Palisade Wall x1 |
| 11:12 | Mataku · wall_segment Palisade Wall x1 |
| 11:47 | CORP_Leugim · wall_segment Palisade Wall x6 |
| 12:35 | Mataku · wall_segment Palisade Wall x1 |
| 12:36 | Mataku · wall_segment Palisade Wall x1 |
| 12:49 | CORP_Leugim · wall_segment Palisade Wall x9 |
| 13:06 | CORP_Leugim · wall_segment Palisade Wall x6 |
| 14:40 | Mataku · wall_segment Palisade Wall x1 |
| 15:17 | CORP_Leugim · wall_segment Palisade Wall x1 |
| 15:34 | CORP_Leugim · wall_segment Palisade Wall x7 |
| 16:12 | CORP_Leugim · wall_segment Palisade Wall x1 |
| 17:03 | CORP_Leugim · wall_segment Palisade Wall x1 |
| 17:31 | CORP_Leugim · wall_segment Palisade Wall x1 |
| 20:22 | Mataku · first_market_buy 100 food |
| 20:28 | Mataku · first_building Stable |
| 21:17 | CORP_Leugim · wall_segment Palisade Wall x1 |
| 21:17 | CORP_Leugim · wall_segment Palisade Wall x1 |
| 22:35 | CORP_Leugim · age_up castle |
| 22:52 | Mataku · wall_segment Palisade Wall x1 |
| 23:03 | Mataku · age_up castle |
| 23:14 | CORP_Leugim · first_building Monastery |
| 24:32 | CORP_Leugim · wall_segment Palisade Wall x2 |
| 24:33 | CORP_Leugim · wall_segment Palisade Wall x1 |
| 26:27 | Mataku · first_building Monastery |
| 28:02 | Mataku · first_market_sell 100 wood |
| 29:53 | Mataku · first_building Siege Workshop |
| 30:29 | CORP_Leugim · first_building Siege Workshop |
| 31:16 | Mataku · wall_segment Palisade Wall x1 |
| 31:19 | Mataku · wall_segment Palisade Wall x1 |
| 31:20 | Mataku · wall_segment Palisade Wall x1 |
| 34:28 | CORP_Leugim · wall_segment Palisade Wall x1 |
| 34:30 | CORP_Leugim · wall_segment Palisade Wall x1 |
| 34:35 | CORP_Leugim · wall_segment Palisade Wall x1 |
| 35:07 | CORP_Leugim · wall_segment Stone Wall x1 |
| 35:31 | Mataku · first_building Castle |
| 37:26 | CORP_Leugim · age_up imperial |
| 37:30 | CORP_Leugim · first_market_sell 100 wood |
| 39:30 | Mataku · age_up imperial |
| 44:56 | CORP_Leugim · first_market_buy 100 stone |
| 45:00 | CORP_Leugim · first_building Castle |
| 48:10 | CORP_Leugim · resign |
[ AI ANALYSIS · 1 CREDIT ]
What really happened in this match?
Wolo.gg analyzes every decision: build order, eco, micro, common mistakes by bracket. Personalized analysis on WhatsApp or Discord in 30 seconds.
Civ guide
Bohemians
Perfil
Jugador #3238641